 Dungeon Crawl Stone Soup version 0.21.0-3-g78d12a8 (webtiles) character file.

417 letownia2 the Ruffian (level 6, -2/40 HPs)
             Began as a Gargoyle Fighter on Jan 10, 2018.
             Killed from afar by an orc wizard (6 damage)
             ... with a puff of flame
             ... on level 4 of the Dungeon.
             The game lasted 00:03:56 (1953 turns).

letownia2 the Ruffian (Gargoyle Fighter)            Turns: 1953, Time: 00:03:57

Health: -2/40      AC: 12    Str: 19    XL:     6   Next: 92%
Magic:  6/6        EV:  9    Int: 11    God:
Gold:   140        SH:  0    Dex:  9    Spells: 5/5 levels left

rFire    . . .     SeeInvis .     - Unarmed
rCold    . . .     Gourm    .   (no shield)
rNeg     + . .     Faith    .   a - +0 scale mail
rPois    ∞         Spirit   .   m - +0 helmet
rElec    +         Reflect  .   (no cloak)
rCorr    .         Harm     .   (no gloves)
MR       .....     Rnd*Tele +   (no boots)
Stlth    ..........             (no amulet)
HPRegen  0.13/turn              s - ring of teleportation (curse)
MPRegen  0.10/turn              (no ring)

@: no status effects
A: negative energy resistance 1, electricity resistance, unbreathing,
petrification resistance, rot immunity, AC +4
a: no special abilities


You were on level 4 of the Dungeon.
You were hungry.

You visited 1 branch of the dungeon, and saw 4 of its levels.

You collected 140 gold pieces.

Inventory:

Armour
 a - a +0 scale mail (worn)
 b - a +0 shield
 m - a +0 helmet (worn)
Jewellery
 s - a cursed ring of teleportation (left hand)
Wands
 r - a wand of random effects (23)
 t - a wand of digging (10)
Scrolls
 e - a scroll of magic mapping {unknown}
 h - 2 scrolls of remove curse {unknown}
 i - 3 scrolls of identify {unknown}
 l - a scroll of fog {unknown}
 n - a scroll of teleportation {unknown}
 p - a scroll of enchant weapon {unknown}
 q - 3 scrolls of amnesia {unknown}
Potions
 c - a potion of might
 f - 2 potions of flight {unknown}
 g - a potion of heal wounds {unknown}
 j - 2 potions of cancellation {unknown}
 k - 3 potions of curing {unknown}
 o - a potion of ambrosia {unknown}
Comestibles
 d - 2 rations


   Skills:
 + Level 4.9 Fighting
 - Level 3.2 Armour
 - Level 3.2 Shields
 + Level 6.3 Unarmed Combat


You had 5 spell levels left.
You didn't know any spells.

Dungeon Overview and Level Annotations

Branches:
Dungeon (4/15)
 Temple: D:4-7

Altars:
Ashenzari
Cheibriados
Kikubaaqudgha
Uskayaw

Annotations:
D:3 dscm's ghost, amateur OpFi


Innate Abilities, Weirdness & Mutations

You are resistant to torment.
Your stone body is resilient. (AC +4)
You are immune to poison.
You resist negative energy. (rN+)
You are resistant to electric shocks. (rElec)
You can survive without breathing.
You are immune to petrification.
You are immune to rotting.


Message History

You miss something. Something hits you but does no damage.
You closely miss something.
You hear some strange, mumbled words.
A puff of flame appears from out of thin air!
The puff of flame hits you!
You hit something. You barely miss something.
Something hits you but does no damage.
You hit something.
You hear some strange, mumbled words.
A magic dart appears from out of thin air!
The magic dart hits you!
Unknown command.
The orc priest invokes the aid of Beogh against you.
Beogh smites you!
* * * LOW HITPOINT WARNING * * *
Unknown command.
You hear some strange, mumbled words.
A puff of flame appears from out of thin air!
The puff of flame hits you!
You die...

########
#......# #@#
#.# #{# #)#
#. #.#
#.####(##
.♣..P#...#
P≈≈.≈≈.o.#
≈≈.≈≈.≈≈≈P..#


You could see an orc priest.

Vanquished Creatures
  A phantom (D:4)
  3 wights (D:4)
  2 hounds
  An iguana (D:4)
  An orc wizard (D:4)
  A bullfrog skeleton (D:4)
  A worker ant (D:4)
  An adder (D:2)
  An ooze (D:4)
  3 worms
  2 leopard geckos (D:4)
  An orc (D:4)
  A ball python (D:2)
  A giant cockroach (D:4)
  2 goblins
  A hobgoblin (D:2)
  A jackal (D:4)
  A quokka (D:4)
  3 frilled lizards
  A kobold (D:1)
  2 rats
31 creatures vanquished.

Notes
Turn   | Place    | Note
-------+----------+-------------------------------------------
     0 | D:1      | letownia2 the Gargoyle Fighter began the quest for the Orb.
     0 | D:1      | Reached XP level 1. HP: 14/14 MP: 1/1
   205 | D:2      | Reached skill level 3 in Unarmed Combat
   205 | D:2      | Reached XP level 2. HP: 13/19 MP: 2/2
   365 | D:3      | Noticed dscm's ghost (amateur OpFi)
   608 | D:4      | Reached XP level 3. HP: 23/23 MP: 3/3
   665 | D:4      | Reached skill level 4 in Unarmed Combat
   782 | D:3      | Reached XP level 4. HP: 13/28 MP: 4/4
  1253 | D:4      | Reached skill level 5 in Unarmed Combat
  1353 | D:4      | Reached XP level 5. HP: 29/32 MP: 5/5
  1384 | D:4      | Found a snail-covered altar of Cheibriados.
  1391 | D:4      | Found a hide-covered altar of Uskayaw.
  1522 | D:4      | Found an ancient bone altar of Kikubaaqudgha.
  1525 | D:4      | Noticed a phantom
  1600 | D:4      | Killed a phantom
  1600 | D:4      | Reached XP level 6. HP: 25/38 MP: 6/6
  1789 | D:4      | Found a shattered altar of Ashenzari.
  1842 | D:4      | Reached skill level 6 in Unarmed Combat
  1953 | D:4      | Killed from afar by an orc wizard

Skill      XL: |  1  2  3  4  5  6 |
---------------+-------------------+-----
Unarmed Combat | 3 4 5 6 |  6.3
Fighting       | 4 |  4.9
Armour         | |  3.2
Shields        | |  3.2

Action                   |  1- 3 |  4- 6 || total
-------------------------+-------+-------++-------
Melee: Unarmed           |   109 |   130 ||   239
       Punch             |       |     3 ||     3
  Eat: Chunk             |       |     3 ||     3
Armor: Scale mail        |    46 |    44 ||    90
Dodge: Dodged            |    49 |    34 ||    83
